 Dungeon Crawl Stone Soup version 0.29-a0-813-g4a14ea37d6 (webtiles) character file.

Game seed: 15388053741904935023

4 Mgcat the Vexing (level 1, 0/11 HPs)
             Began as a Deep Elf Arcane Marksman on July 4, 2022.
             Slain by a black bear (7 damage)
             ... on level 2 of the Dungeon.
             The game lasted 00:00:16 (63 turns).

Mgcat the Vexing (Deep Elf Arcane Marksman)           Turns: 63, Time: 00:00:17

Health: 0/11       AC:  2    Str:  7    XL:     1   Next: 58%
Magic:  5/5        EV: 12    Int: 17    God:
Gold:   0          SH:  0    Dex: 15    Spells: 2/3 levels left

rFire   . . .      SeeInvis .   a - +0 sling
rCold   . . .      Faith    .   (no shield)
rNeg    . . .      Spirit   .   c - +0 robe
rPois   .          Reflect  .   (no helmet)
rElec   .          Harm     .   (no cloak)
rCorr   .          Rampage  .   (no gloves)
Will    .....                   (no boots)
Stlth   +.........              (no amulet)
HPRegen 0.03/turn               (no ring)
MPRegen 0.09/turn               (no ring)

@: no status effects
A: no striking features
a: no special abilities


You were on level 2 of the Dungeon.
You visited 1 branch of the dungeon, and saw 2 of its levels.

Inventory:

Hand Weapons
 a - a +0 sling (weapon)
Armour
 c - a +0 robe (worn)
Scrolls
 b - a scroll of vulnerability {!r!r}


   Skills:
 + Level 0.9 Fighting
 * Level 2.9 Ranged Weapons
 + Level 2.5 Dodging
 + Level 1.6 Spellcasting
 + Level 4.0 Hexes


You had 2 spell levels left.
You knew the following spells:

 Your Spells              Type           Power      Damage    Failure   Level
a - Slow                  Hex            60%        N/A       3%          1

Your spell library contained the following spells:

 Spells                   Type           Power      Damage    Failure   Level
 Inner Flame              Hex/Fire       8%         N/A       26%         3
 Portal Projectile        Hex/Tloc       16%        N/A       26%         3
 Cause Fear               Hex            7%         N/A       36%         4


Dungeon Overview and Level Annotations

Branches:
Dungeon (1/15)

Altars:


Message History

The giant cockroach is almost dead.
You hear an angry hiss.
A ball python comes into view.
The giant cockroach bites you.
You take 1 damage, and have 10/11 hp.
Warning x2: The giant cockroach is fast!
The ball python can constrict!
You shoot a sling bullet.
The sling bullet hits the giant cockroach.
You kill the giant cockroach!
You shoot a sling bullet.
The sling bullet barely misses the goblin.
The goblin hits you with a +0 club.
You take 2 damage, and have 8/11 hp.
Spoiler Alert: The ball python can constrict!
You are too injured to fight recklessly!
You are too injured to fight recklessly!
You are too injured to fight recklessly!
You are too injured to fight recklessly!
Fire: a) +0 sling
Press: ? - help, Q - select action Shift-Dir - straight line, f/p - goblin
Aim: a goblin, wielding a +0 club (47% to hit)
You shoot a sling bullet. The sling bullet hits the goblin.
You kill the goblin!
Spoiler Alert: The ball python can constrict!
Fire: a) +0 sling
Press: ? - help, Q - select action Shift-Dir - straight line, f - ball python
Aim: a ball python (52% to hit)
You shoot a sling bullet.
The sling bullet closely misses the ball python.
You hear a shout!
A kobold comes into view. It is wielding a +0 short sword.
The ball python bites you but does no damage.
The ball python grabs you. The ball python constricts you.
Fire: a) +0 sling
Press: ? - help, Q - select action Shift-Dir - straight line, f/p - ball python
Aim: a ball python (constricting you, 52% to hit)
You shoot a sling bullet.
The sling bullet barely misses the ball python.
The sling bullet hits the kobold but does no damage.
The ball python bites you. The ball python constricts you.
Fire: a) +0 sling
Press: ? - help, Q - select action Shift-Dir - straight line, f/p - ball python
Aim: a ball python (constricting you, 52% to hit)
You shoot a sling bullet. The sling bullet hits the ball python!
You kill the ball python!
You take 2 damage, and have 6/11 hp.
Fire: a) +0 sling
Press: ? - help, Q - select action Shift-Dir - straight line, f - kobold
Aim: a kobold, wielding a +0 short sword (47% to hit)
You shoot a sling bullet. The sling bullet misses the kobold.
Fire: a) +0 sling
Press: ? - help, Q - select action Shift-Dir - straight line, f/p - kobold
Aim: a kobold, wielding a +0 short sword (47% to hit)
You shoot a sling bullet. The sling bullet hits the kobold.
You kill the kobold!
Fire: a) +0 sling
Press: ? - help, Q - select action Shift-Dir - straight line, f - you Really target yourself?
Okay, then.
Unknown command.
A black bear comes into view.
A black bear is nearby!
A black bear is nearby!
Fire: a) +0 sling
Press: ? - help, Q - select action Shift-Dir - straight line, f - black bear
Aim: a black bear (wandering, hasn't noticed you, 64% to hit)
You shoot a sling bullet.
The sling bullet completely misses the black bear.
The black bear growls angrily.
Fire: a) +0 sling
Press: ? - help, Q - select action Shift-Dir - straight line, f/p - black bear
Aim: a black bear (64% to hit)
You shoot a sling bullet. The sling bullet hits the black bear.
The black bear is lightly wounded.
Fire: a) +0 sling
Press: ? - help, Q - select action Shift-Dir - straight line, f/p - black bear
Aim: a black bear (lightly wounded, 64% to hit)
You shoot a sling bullet. The sling bullet hits the black bear.
The black bear is moderately wounded.
Fire: a) +0 sling
Press: ? - help, Q - select action Shift-Dir - straight line, f/p - black bear
Aim: a black bear (moderately wounded, 64% to hit)
You shoot a sling bullet. The sling bullet hits the black bear.
The black bear is heavily wounded.
Fire: a) +0 sling
Press: ? - help, Q - select action Shift-Dir - straight line, f/p - black bear
Aim: a black bear (heavily wounded, 64% to hit)
You shoot a sling bullet.
The sling bullet closely misses the black bear.
The black bear misses you. The black bear closely misses you.
The black bear barely misses you.
Fire: a) +0 sling
Press: ? - help, Q - select action Shift-Dir - straight line, f/p - black bear
Aim: a black bear (heavily wounded, 64% to hit)
You shoot a sling bullet.
The sling bullet hits the black bear but does no damage.
The black bear is heavily wounded.
The black bear bites you!
Ouch! That really hurt!
You die...

#########.#
#.........#
#@#########
#h# #.# #)#
#.# ... #.#
#.#


You could see a black bear.

Vanquished Creatures
  A giant cockroach (D:2)
  A goblin (D:2)
  A kobold (D:2)
  A ball python (D:2)
4 creatures vanquished.

Notes
Turn   | Place    | Note
-------+----------+-------------------------------------------
     0 | D:1      | Mgcat the Deep Elf Arcane Marksman began the quest for the
                  | Orb.
     0 | D:1      | Reached XP level 1. HP: 11/11 MP: 5/5
    31 | D:1      | You fall into a shaft and drop 1 floor!
    57 | D:2      | Noticed a black bear
    63 | D:2      | Slain by a black bear

Illustrated notes

Levels and vault maps discovered:
D:1:      minmay_arrival_split_and_join, layout_loops_corners, serial_shops,
          nicolae_shop_behind_doors, shop, nicolae_shop_trees,
          nicolae_shop_window_shopping,
          hellmonk_ecumenical_altar_pennies_from_heaven
D:2:      layout_loops_ring

Action                   || total
-------------------------++-------
 Fire: Sling             ||    17
Armor: Robe              ||     1
Dodge: Dodged            ||     3

Table legend: (Time is in decaauts)
 A = Elapsed time spent in this place.
 B = Non-inter-level travel time spent in this place.
 C = Inter-level travel time spent in this place.
 D = Time resting spent in this place.
 E = Time spent auto-exploring this place.
 F = Levels seen in this place.
 G = Mean time per level.
                   A        B        C        D        E       F      G
               +--------+--------+--------+--------+--------+-----+--------+
         Total |     67 |     67 |      0 |      0 |     44 |   2 |   33.5 |
       Dungeon |     67 |     67 |      0 |      0 |     44 |   2 |   33.5 |
               +--------+--------+--------+--------+--------+-----+--------+

Top non-repeatable levels by time:
     D:2: 36 daAuts
     D:1: 31 daAuts

Table legend:
 A = Kills in this place as a percentage of kills in entire the game.
 B = Kills by you in this place as a percentage of kills by you in the entire game.
 C = Kills by friends in this place as a percentage of kills by friends in the entire game.
 D = Other kills in this place as a percentage of other kills in the entire game.
 E = Experience gained in this place as a percentage of experience gained in the entire game.
 F = Experience gained in this place divided by the number of levels of this place that you have seen.
                   A       B       C       D       E      F
               +-------+-------+-------+-------+-------+----------------------
         Total | 100.0 | 100.0 |   N/A |   N/A | 100.0 |   3.5
       Dungeon | 100.0 | 100.0 |   N/A |   N/A | 100.0 |   3.5
               +-------+-------+-------+-------+-------+----------------------
